Construct Infanterie Kompanie
Infanterie Officer Quarters
Construct Panzergrenadier Kompanie
Pak 40 Anti-tank Gun Team
Selects Mechanized Battlegroup
Selects 8 Rad Armored Car
Construct Panzer Kompanie
Pak 40 Anti-tank Gun Team
Selects Panther Heavy Tank
Pak 40 Anti-tank Gun Team
Pak 40 Anti-tank Gun Team
Selects Stoßtruppen Assault Package
Selects Mechanized Assault